cohdb
Replays
Latest Replays
All Replays
Popular Replays
Top Player Replays
Match Explorer
How It Works
Community
CoH3 Stats
Reddit
Sign in to upload your games and track your stats! →
Sign in with Steam
Match 45739678
Unlisted
Match 45739678
Overview
Messages
Build Orders
End
Selects Australian Defense Battlegroup
Selects Australian Light Infantry Section
Australian Light Infantry Section
Construct Section Command Post
Vickers Machine Gun Team
Dingo Light Scout Car
Selects 2-pounder Anti-tank Gun Team
Infantry Section
Construct Platoon Command Post
Humber Armored Car
Infantry Section
2-pounder Anti-tank Gun Team
Infantry Training
Selects Vehicle Over Repair
Construct Company Command Post
Matilda II Heavy Tank
Selects CMP 15cwt Supply Run
Selects Reinforced Resource Caches
Royal Engineer Section
Rei
Nicko
JEFG
Seocheon
0
0
Comments
sign in to comment!
No comments posted yet!